 Dungeon Crawl Stone Soup version 0.26-a0-215-g1b87330c0f (webtiles) character file.

Game seed: 11657397113350502538

3341 MrRokkomies the Jinx (level 9, -3/55 (57) HPs)
             Began as a Vampire Enchanter on July 6, 2020.
             Was a Follower of Ashenzari.
             Slain by Grum
             ... wielding a -1 glaive
              (20 damage)
             ... on level 8 of the Dungeon.
             The game lasted 00:24:08 (7566 turns).

MrRokkomies the Jinx (Vampire Enchanter)            Turns: 7566, Time: 00:24:10

HP:   -3/55 (57)    AC:  7    Str: 10    XL:     9   Next: 72%
MP:   8/13          EV: 15    Int: 17    God:    Ashenzari [*.....]
Gold: 513           SH:  0    Dex: 15    Spells: 3/14 levels left

rFire    . . .     SeeInvis +   a - +5 dagger (curse)
rCold    . . .     Faith    .   (no shield)
rNeg     . . .     Spirit   .   x - +2 leather armour {rPois}
rPois    +         Reflect  .   (no helmet)
rElec    .         Harm     .   (no cloak)
rCorr    .                      h - +1 pair of gloves
MR       .....                  (no boots)
Stlth    ++++......             (no amulet)
HPRegen  0.38/turn              (no ring)
MPRegen  0.13/turn              (no ring)

@: confusing touch, regenerating quickly
A: no food, fangs 3, see invisible, unbreathing
a: Exsanguinate, Curse Item, Scrying, Renounce Religion


You were on level 8 of the Dungeon.
You worshipped Ashenzari.
Ashenzari was aware of your devotion.
You were alive.

You visited 2 branches of the dungeon, and saw 9 of its levels.
You also visited: Sewer.

You collected 513 gold pieces.

Inventory:

Hand Weapons
 a - a cursed +5 dagger (weapon)
 s - a +1 falchion of venom
Missiles
 e - 31 poisoned darts (quivered)
 m - a throwing net
 n - 5 atropa-tipped darts
 o - 6 boomerangs
Armour
 h - a +1 pair of gloves (worn)
 x - a +2 leather armour of poison resistance (worn)
Jewellery
 b - an uncursed ring of fire
 f - an uncursed ring of ice
 p - an uncursed ring of poison resistance
 B - an uncursed ring of ice
Wands
 c - a wand of flame (33)
 u - a wand of paralysis (7)
 y - a wand of clouds (4)
 A - a wand of enslavement (7)
Scrolls
 d - 11 scrolls of teleportation
 k - 6 scrolls of identify
 l - a scroll of amnesia
 q - 2 scrolls of remove curse
 z - a scroll of magic mapping
Potions
 g - 2 potions of haste
 i - 2 potions of might
 j - 2 potions of curing
 r - 2 potions of cancellation
 t - 3 potions of magic
 v - 2 potions of lignification
 w - 2 potions of heal wounds {unknown}
 C - a potion of mutation {unknown}


   Skills:
 * Level 8.8 Short Blades
 + Level 6.4 Dodging
 + Level 9.8 Stealth
 * Level 3.3 Spellcasting
 - Level 11.3 Hexes


You had 3 spell levels left.
You knew the following spells:

 Your Spells              Type           Power        Failure   Level
a - Tukima's Dance        Hex            #####...     1%          3
b - Ensorcelled Hibernat  Hex/Ice        ###...       3%          2
c - Confusing Touch       Hex            #####...     1%          3
d - Dazzling Flash        Conj/Hex       ###...       7%          3

Your spell library contained the following spells:

 Spells                   Type           Power        Failure   Level
 Corona                   Hex            #####..      1%          1
 Sandblast                Erth           #.....       24%         1
 Sting                    Tmut/Pois      #...         24%         1
 Passwall                 Tmut/Erth      #.......     34%         2
 Poisonous Vapours        Pois/Air       #.....       34%         2
 Gell's Gravitas          Tloc           #.........   56%         3
 Ignite Poison            Fire/Tmut/Pois #.......     56%         3
 Mephitic Cloud           Conj/Pois/Air  #.......     56%         3
 Stone Arrow              Conj/Erth      #.....       56%         3
 Metabolic Englaciation   Hex/Ice        ###.......   54%         5
 Yara's Violent Unravell  Hex/Tmut       ###.......   54%         5
 Olgreb's Toxic Radiance  Pois           #.......     93%         4
 Petrify                  Tmut/Erth      #.......     93%         4
 Lee's Rapid Deconstruct  Erth           #.........   100%        5


Dungeon Overview and Level Annotations

Branches:
Dungeon (8/15)             Temple (1/1) D:5           Sewer (visited)
   Lair: D:8-11

Altars:
Ashenzari
Cheibriados
Dithmenos
Fedhas
Gozag
Kikubaaqudgha
Nemelex Xobeh
Okawaru
Qazlal
Ru
Sif Muna
Trog
Uskayaw
Vehumet
Wu Jian
Yredelemnul
Zin
The Shining One

Annotations:
D:8 Grum


Innate Abilities, Weirdness & Mutations

You do not eat.
Your natural rate of healing is unusually fast.
You have razor-sharp teeth.
You have supernaturally acute eyesight. (SInv)
You can survive without breathing.


Message History

Grum shouts, "Rex!
Good boy!"
Grum barely misses you. The wolf misses you.
You barely miss the wolf.
The wolf is heavily wounded.
The wolf bites Grum.
The wolf barely misses you.
Grum hits you from afar with a -1 glaive!!
You are too injured to fight recklessly!
The wolf barely misses Grum.
The wolf barely misses you.
You hit the wolf but do no damage.
The wolf is heavily wounded.
The wolf bites you. The wolf bites you. The wolf bites you but does no damage.
Grum shouts, "Sparky!
Good boy!"
The wolf closely misses you. The wolf bites you but does no damage.
There is a stone staircase leading up here.
The wolf bites you!
Grum hits you from afar with a -1 glaive!!
You die...

#.....#######..#....##.#. ...#
######### ##....####.#. #..#
###.#.#.# ##.#.####.#> ....
#☼#.#.#.## #........#.
#gh###'#)#.'..# ###+######.
#.h##%.....#..## ##...## ##
#..##..#.#.#...# ##.....##
#..#########...# ##.......##
...#..#.####h.gh@.###.........###
..............h.....'.........'..
...#.########.....###.........###
#. #. ###.### ##.......## . ..
#...# ##.....## ### #...# ##...##
#..># ##'## ##.## #.# #.# #.# ###


You could see Grum and 3 wolves.

Vanquished Creatures
  Joseph (D:8)
  Grinder (D:4)
  A hippogriff (D:7)
  A spriggan (D:8)
  A hungry ghost (D:7)
  2 orc warriors (D:7)
  A phantom (D:4)
  A sky beast (D:6)
  An ice beast (D:7)
  2 black bears (D:8)
  2 necrophages (D:6)
  An ogre (D:6)
  3 centaurs (D:5)
  A bullfrog (D:6)
  Blork the orc (D:6)
  A wyvern skeleton (D:7)
  3 scorpions
  2 wights (D:7)
  A howler monkey (D:6)
  An orc priest (D:5)
  3 hounds
  A jelly (D:5)
  Ijyb (D:5)
  An iguana (D:4)
  6 orc wizards
  A worker ant (D:6)
  A killer bee zombie (D:7)
  2 worker ant zombies (D:7)
  17 adders
  2 white imps
  An ufetubus (D:5)
  A worm (D:6)
  An adder skeleton (D:6)
  3 dart slugs
  6 leopard geckos
  12 orcs
  4 giant cockroaches
  11 goblins
  13 hobgoblins
  17 jackals
  9 kobolds
  2 quokkas
  5 ball pythons
  A ball python skeleton (D:6)
  A ball python zombie (D:6)
  7 bats
  9 frilled lizards
  A jackal zombie (D:6)
  A quokka skeleton (D:5)
  4 rats
172 creatures vanquished.

Vanquished Creatures (collateral kills)
  An ogre (D:8)
  A wight (D:7)
  An orc (D:7)
3 creatures vanquished.

Grand Total: 175 creatures vanquished

Notes
Turn   | Place    | Note
-------+----------+-------------------------------------------
     0 | D:1      | MrRokkomies the Vampire Enchanter began the quest for the
                  | Orb.
     0 | D:1      | Reached XP level 1. HP: 13/13 MP: 3/3
   145 | D:1      | Reached XP level 2. HP: 19/19 MP: 5/5
   149 | D:1      | Learned a level 2 spell: Ensorcelled Hibernation
   472 | D:1      | Reached skill level 5 in Hexes
   602 | D:1      | Reached XP level 3. HP: 16/24 MP: 6/6
  1165 | D:2      | Reached skill level 5 in Stealth
  1536 | D:2      | Reached XP level 4. HP: 26/30 MP: 7/7
  1606 | D:2      | Learned a level 3 spell: Confusing Touch
  1629 | D:3      | Found a basalt altar of Yredelemnul.
  2059 | D:3      | Reached skill level 6 in Hexes
  2059 | D:3      | Reached XP level 5. HP: 30/35 MP: 8/8
  2295 | D:3      | Found a sparkling altar of Nemelex Xobeh.
  2355 | D:4      | Noticed Grinder
  2365 | D:4      | Killed Grinder
  2365 | D:4      | Reached skill level 7 in Hexes
  2365 | D:4      | Reached XP level 6. HP: 31/41 MP: 5/9
  2651 | D:4      | Reached XP level 7. HP: 46/46 MP: 10/10
  2711 | D:4      | Reached skill level 5 in Short Blades
  2711 | D:4      | Reached skill level 8 in Hexes
  3085 | D:4      | Learned a level 3 spell: Tukima's Dance
  3419 | D:5      | Entered Level 5 of the Dungeon
  3419 | D:5      | Noticed Ijyb
  3422 | D:5      | Killed Ijyb
  3579 | D:5      | Found a sacrificial altar of Ru.
  3617 | D:5      | Found a staircase to the Ecumenical Temple.
  3689 | Temple   | Entered the Ecumenical Temple
  3854 | D:5      | Found a blossoming altar of Fedhas.
  3986 | D:5      | Found a glowing silver altar of Zin.
  4051 | Temple   | Became a worshipper of Ashenzari the Shackled
  4081 | D:5      | Reached XP level 8. HP: 52/52 MP: 11/11
  4310 | D:5      | Reached skill level 9 in Hexes
  4781 | D:6      | Reached skill level 5 in Dodging
  4793 | D:6      | Found a glowing drain.
  4822 | Sewer    | Entered a sewer
  5359 | D:6      | Found an ancient bone altar of Kikubaaqudgha.
  5361 | D:6      | Found an ornate altar of the Wu Jian Council.
  5366 | D:6      | Found a radiant altar of Vehumet.
  5418 | D:6      | Learned a level 3 spell: Dazzling Flash
  5539 | D:6      | Found a stormy altar of Qazlal.
  5683 | D:6      | Noticed Blork the orc
  5698 | D:6      | Killed Blork the orc
  5698 | D:6      | Reached skill level 10 in Hexes
  5716 | D:6      | Found a shimmering blue altar of Sif Muna.
  6119 | D:7      | Noticed a hippogriff
  6127 | D:7      | Killed a hippogriff
  6127 | D:7      | Reached XP level 9. HP: 55/55 MP: 12/12
  6474 | D:7      | Reached skill level 11 in Hexes
  7037 | D:7      | Reached * piety under Ashenzari
  7351 | D:8      | Noticed Joseph
  7356 | D:8      | Killed Joseph
  7412 | D:8      | Found a bloodstained altar of Trog.
  7544 | D:8      | Noticed Grum
  7566 | D:8      | Slain by Grum

Illustrated notes

Levels and vault maps discovered:
D:1:      dpeg_arrival_lava_temple_mockup, layout_basic, minivault_19, hex_tiny
D:2:      layout_rooms
D:3:      layout_basic, nicolae_overflow_hidden_temple,
          yredelemnul_altar_generic, first_ration, wad_floor_pattern_1
D:4:      layout_loops_ring, uniq_grinder
D:5:      minmay_general_purpose_star, layout_basic, marbit_many_paths,
          lemuel_round_altar, minmay_temple_entry_steel_oval,
          fedhas_bush_and_centaur_altar, uniq_ijyb
D:6:      layout_loops_ring, grunt_qazlal_sundering, grunt_temple_overflow_open,
          portal_sewer_entry_a, tgw_sif
D:7:      layout_basic
D:8:      layout_loops_corners, trog_ov_bears_minmay, grunt_pizzeria,
          nrook_campfire, kennysheep_diamond, uniq_grum, uniq_joseph
Temple:   dpeg_three_leaves_temple

Skill      XL: |  1  2  3  4  5  6  7  8  9 |
---------------+----------------------------+-----
Short Blades   | 2 3 4 5 7 8 |  8.8
Hexes          | 5 6 7 8 10 11 | 11.3
Stealth        | 5 6 7 8 9 |  9.8
Dodging        | 3 4 5 6 |  6.4
Spellcasting   | 3 |  3.3

Action                   |  1- 3 |  4- 6 |  7- 9 || total
-------------------------+-------+-------+-------++-------
Melee: Dagger            |   184 |   150 |   353 ||   687
       Bite              |     9 |     6 |    32 ||    47
Throw: Dart              |     4 |       |    12 ||    16
 Cast: Ensorcelled Hiber |     6 |     1 |    19 ||    26
       Confusing Touch   |       |     2 |    15 ||    17
       Tukima's Dance    |       |       |    10 ||    10
Invok: Curse Item        |       |       |     1 ||     1
  Use: Scroll            |     2 |       |    15 ||    17
       Potion            |     1 |       |       ||     1
 Stab: Sleeping          |    16 |    17 |    27 ||    60
       Confused          |       |     2 |    12 ||    14
       Distracted        |       |       |     1 ||     1
Armor: Robe              |    47 |    25 |    42 ||   114
       Leather armour    |       |       |     3 ||     3
Dodge: Dodged            |   148 |    99 |   173 ||   420

Table legend:
 A = Non-vault XP
 B = Vault XP
 C = Vault XP percentage of total XP
 D = Non-vault monster count
 E = Vault monster count
 F = Vault count percentage of total count
                 A         B        C        D         E       F
            +---------+---------+-------+---------+---------+-------
      Total |    3173 |    1600 |  33.5 |     152 |      23 |  13.1
            +---------+---------+-------+---------+---------+-------
        D:1 |      51 |       0 |   0.0 |      27 |       0 |   0.0
        D:2 |      46 |       0 |   0.0 |      19 |       0 |   0.0
        D:3 |     142 |       0 |   0.0 |      30 |       0 |   0.0
        D:4 |     512 |     290 |  36.2 |      18 |       1 |   5.3
        D:5 |     264 |     276 |  51.1 |      11 |       4 |  26.7
        D:6 |     833 |      98 |  10.5 |      24 |       3 |  11.1
        D:7 |    1222 |       0 |   0.0 |      22 |       0 |   0.0
        D:8 |     103 |     886 |  89.6 |       1 |       4 |  80.0
      Sewer |       0 |      50 | 100.0 |       0 |      11 | 100.0
            +---------+---------+-------+---------+---------+-------
